 Dungeon Crawl Stone Soup version 0.32-a0-953-g508020473e (webtiles) character file.

Game seed: 16935370654100721006

805 jasper the Changeling (level 7, 0/56 HPs)
             Began as a Purple Draconian Shapeshifter on Apr 16, 2024.
             Slain by a gnoll
             ... wielding a +0 spear
             ... led by a gnoll sergeant
              (4 damage)
             ... on level 6 of the Dungeon.
             The game lasted 00:05:55 (4416 turns).

jasper the Changeling (DrSh)                        Turns: 4416, Time: 00:05:56

Health: 0/56       AC:  9    Str: 16    XL:     7   Next: 60%
Magic:  1/7        EV: 15    Int: 11    God:
Gold:   243        SH:  0    Dex: 12    Spells: 6/6 levels left

rFire   . .          .
                       - Unarmed
rCold   . . .        (shield currently unavailable)
rNeg    . . .        (body armour unavailable)
rPois   .            (helmet restricted)
rElec   .            (no cloak)
rCorr   .            f - +0 pair of gloves
SInv    .            e - +1 pair of boots
Will    +....        (no amulet)
Stlth   +            (no ring)
HPRegen 0.29/turn    (no ring)
MPRegen 0.10/turn

%: no passive effects
@: flux-form, glowing
A: glow, contaminating, nullifying breath, AC +6, unfitting armour, cold-blooded
a: Nullifying Breath, Begin Untransformation


You were on level 6 of the Dungeon.
You were something dangerously unstable.
You visited 1 branch of the dungeon, and saw 6 of its levels.

You collected 243 gold pieces.

Inventory:

Missiles
 d - 42 stones (quivered)
 n - 4 boomerangs
Armour
 e - a +1 pair of boots (worn)
 f - a +0 pair of gloves (worn)
Talismans
 b - a beast talisman
 c - a flux talisman (active)
Wands
 s - a wand of acid (5)
Scrolls
 g - a scroll of enchant armour
 i - 3 scrolls of teleportation
 j - 5 scrolls of identify
 m - a scroll of summoning {unknown}
 o - a scroll of poison {unknown}
 u - a scroll of fog {unknown}
Potions
 a - 2 potions of mutation {unknown}
 h - a potion of cancellation
 k - a potion of lignification
 l - 2 potions of curing {unknown}
 p - a potion of magic {unknown}
 q - a potion of degeneration {unknown}
 r - a potion of attraction {unknown}
 t - a potion of haste {unknown}


   Skills:
 + Level 2.8 Fighting
 + Level 2.9 Dodging
 * Level 4.6 Unarmed Combat
 - Level 7.0 Shapeshifting


You had 6 spell levels left.
You didn't know any spells.
Your spell library contained the following spells:

 Spells                   Type           Power      Damage    Failure   Level
 Apportation              Tloc           0%         N/A       34%         1
 Necrotise                Necr           0%         1d4       34%         1
 Sting                    Conj/Alch      0%         1d3       34%         1
 Summon Small Mammal      Summ           0%         N/A       34%         1


Dungeon Overview and Level Annotations

Branches:
Dungeon (6/15)
 Temple: D:4-7

Altars:
Makhleb
Sif Muna
The Shining One


Innate Abilities, Weirdness & Mutations

You are something dangerously unstable.
You glow with magical radiation, making you easy to see and hit.
Foes you strike become dangerously contaminated with magical radiation.
You are incapable of wielding weapons or throwing items.
You can breathe blasts of antimagic.
Your rich purple scales are hard. (AC +6)
You cannot fit into any form of body armour.
You are cold-blooded and may be slowed by cold attacks.


Message History

You barely miss the gnoll sergeant.
You tail-slap the gnoll sergeant, but do no damage.
The gnoll sergeant is lightly wounded.
The gnoll closely misses you.
The gnoll sergeant hits you with a +5 antimagic spear.
You feel your power leaking away.
You take 14 damage, and have 24/56 hp.
MASSIVE DAMAGE!!
You now have 0/7 mp.
You hit the gnoll sergeant but do no damage.
The gnoll sergeant shudders as magic cascades through it!!
You kill the gnoll sergeant!
The gnoll throws a throwing net.
The throwing net completely misses you. The gnoll closely misses you.
The gnoll hits you with a +0 halberd!
* * * LOW HITPOINT WARNING * * *
Things that are here:
a +5 antimagic spear; a +0 ring mail; a gnoll corpse You closely miss the gnoll.
The gnoll barely misses you. The gnoll hits you with a +0 halberd.
* * * LOW HITPOINT WARNING * * *
You hit the gnoll but do no damage.
The gnoll begins to glow.
The gnoll misses you. x2
You take 14 damage, and have 10/56 hp.
MASSIVE DAMAGE!!
You hit the gnoll.
The gnoll glows dangerously bright.
The gnoll is heavily wounded.
The gnoll completely misses you. The gnoll barely misses you.
You hit the gnoll.
The gnoll shudders as magic cascades through it.
You kill the gnoll!
The gnoll hits you from afar with a +0 spear!
* * * LOW HITPOINT WARNING * * *
The gnoll hits you but does no damage.
You see here a +0 halberd.
You hit the gnoll.
The gnoll begins to glow.
You tail-slap the gnoll.
The gnoll is moderately wounded.
The gnoll barely misses you.
You take 6 damage, and have 4/56 hp.
You hit the gnoll but do no damage.
The gnoll glows dangerously bright.
You tail-slap the gnoll, but do no damage.
The gnoll is moderately wounded.
The gnoll hits you with a +0 spear.
You die...

######.#
#(.....# ....
#.# +... #.#
#.... #.#
#..g. #)#
#..... #p#
#.....##g#
#.g....#g#####
#..ggg..g....#
#..##.######.#
#


You could see 3 gnolls.

Vanquished Creatures
  Sigmund (D:2)
  A centaur (D:5)
  A gnoll sergeant (D:6)
  A scorpion (D:5)
  4 jellies
  A sleepcap (D:5)
  2 orc wizards (D:5)
  Natasha (thrice) (D:2)
  Robin (D:2)
  2 gnolls
  3 adders (D:5)
  2 ufetubi (D:5)
  2 ribbon worms
  2 dart slugs (D:1)
  10 orcs
  6 bats
  4 endoplasms
  3 giant cockroaches
  12 goblins
  12 hobgoblins
  6 jackals (D:1)
  6 quokkas
  9 ball pythons
  7 kobolds
  A rat (D:1)
102 creatures vanquished.

Vanquished Creatures (others)
  A goblin (D:2)
1 creature vanquished.

Grand Total: 103 creatures vanquished

Notes
Turn   | Place    | Note
-------+----------+-------------------------------------------
     0 | D:1      | jasper the Draconian Shapeshifter began the quest for the
                  | Orb.
     0 | D:1      | Reached XP level 1. HP: 16/16 MP: 1/1
    85 | D:1      | Reached XP level 2. HP: 19/23 MP: 2/2
   192 | D:1      | Reached skill level 4 in Shapeshifting
   377 | D:1      | Reached XP level 3. HP: 22/28 MP: 3/3
   933 | D:2      | Noticed Natasha
   935 | D:2      | Noticed Robin
  1058 | D:2      | Noticed Sigmund
  1078 | D:2      | Killed Sigmund
  1079 | D:2      | Reached skill level 6 in Shapeshifting
  1079 | D:2      | Reached XP level 4. HP: 18/35 MP: 4/4
  1079 | D:2      | Reached XP level 5. HP: 21/40 MP: 5/5
  1153 | D:2      | Killed Robin
  1393 | D:2      | Killed Natasha
  1394 | D:2      | Reached XP level 6. HP: 43/47 MP: 6/6
  1491 | D:2      | Noticed Natasha
  1500 | D:2      | Killed Natasha
  1635 | D:2      | Noticed Natasha
  1644 | D:2      | Killed Natasha
  2089 | D:3      | Found a shimmering blue altar of Sif Muna.
  2449 | D:3      | Found a faded altar of an unknown god.
  3154 | D:4      | Found a burning altar of Makhleb.
  3276 | D:5      | Entered Level 5 of the Dungeon
  3347 | D:5      | Reached skill level 7 in Shapeshifting
  3422 | D:5      | Your scales start taking on a rich purple colour.
  3422 | D:5      | Reached XP level 7. HP: 30/53 MP: 7/7
  3872 | D:5      | Found a glowing golden altar of the Shining One.
  4416 | D:6      | Slain by a gnoll

Illustrated notes

Levels and vault maps discovered:
D:1:      minmay_arrival_checkered_box, layout_basic
D:2:      layout_loops_cross, uniq_sigmund, uniq_natasha, uniq_robin
D:3:      layout_loops_cross, mainiacjoe_overflow_24_doors,
          dilly_ecumenical_altar_fadedgnrine
D:4:      layout_cave_pools, general_overflow_altar, fountainhead
D:5:      layout_cave_pods, lemuel_tele_altar, minmay_statues_item,
          minmay_misc_feat_alley
D:6:      layout_basic, jmf_multi_god_temple

Skill      XL: |  1  2  3  4  5  6  7 |
---------------+----------------------+-----
Shapeshifting  | 4 6 7 |  7.0
Dodging        | 2 |  2.9
Fighting       | 2 |  2.8
Unarmed Combat | 4 |  4.6

Action                     |  1- 3 |  4- 6 |  7- 9 || total
---------------------------+-------+-------+-------++-------
  Melee: Unarmed           |   109 |   209 |    78 ||   396
         Punch             |     2 |       |       ||     2
         Tailslap          |     6 |    26 |    13 ||    45
  Throw: Stone             |     2 |       |       ||     2
    Use: Potion            |     1 |     1 |       ||     2
         Scroll            |     2 |     5 |       ||     7
 Armour: Skin              |    83 |   119 |    31 ||   233
  Dodge: Dodged            |    79 |   174 |    86 ||   339
   Form: Flux              |     1 |       |       ||     1

Table legend: (Time is in decaauts)
 A = Elapsed time spent in this place.
 B = Non-inter-level travel time spent in this place.
 C = Inter-level travel time spent in this place.
 D = Time resting spent in this place.
 E = Time spent auto-exploring this place.
 F = Levels seen in this place.
 G = Mean time per level.
                   A        B        C        D        E       F      G
               +--------+--------+--------+--------+--------+-----+--------+
         Total |   4404 |   4224 |    180 |    279 |   3063 |   6 |  734.0 |
       Dungeon |   4404 |   4224 |    180 |    279 |   3063 |   6 |  734.0 |
               +--------+--------+--------+--------+--------+-----+--------+

Top non-repeatable levels by time:
     D:5: 1107 daAuts
     D:1: 1052 daAuts
     D:2: 911 daAuts
     D:3: 724 daAuts
     D:4: 587 daAuts
     D:6: 22 daAuts
